 Dungeon Crawl Stone Soup version 0.29-a0-43-g62a80824bf (webtiles) character file.

Game seed: 6081288000565013353

27 Hubjo the Grasshopper (level 2, -1/21 (22) HPs)
             Began as a Vampire Warper on Feb 2, 2022.
             Slain by Robin (5 damage)
             ... on level 2 of the Dungeon.
             The game lasted 00:01:43 (285 turns).

Hubjo the Grasshopper (Vampire Warper)               Turns: 285, Time: 00:01:43

HP:   -1/21 (22)    AC:  3    Str: 10    XL:     2   Next: 93%
MP:   5/5           EV: 12    Int: 15    God:
Gold: 13            SH:  0    Dex: 13    Spells: 3/5 levels left

rFire   . . .      SeeInvis +   a - +1 short sword
rCold   . . .      Faith    .   (no shield)
rNeg    . . .      Spirit   .   b - +0 leather armour
rPois   .          Reflect  .   (no helmet)
rElec   .          Harm     .   (no cloak)
rCorr   .          Rampage  .   (no gloves)
Will    .....                   (no boots)
Stlth   +.........              (no amulet)
HPRegen 0.27/turn               (no ring)
MPRegen 0.09/turn               (no ring)

@: healing quickly, lightly drained
A: alive, fangs 3, see invisible, vampiric 1
a: Exsanguinate


You were on level 2 of the Dungeon.
You visited 1 branch of the dungeon, and saw 2 of its levels.

You collected 13 gold pieces.

Inventory:

Hand Weapons
 a - a +1 short sword (weapon)
Missiles
 d - 3 boomerangs of dispersal (quivered)
 e - 4 boomerangs
Armour
 b - a +0 leather armour (worn)
Scrolls
 c - a scroll of blinking


   Skills:
 + Level 1.8 Fighting
 + Level 2.5 Short Blades
 + Level 0.9 Throwing
 + Level 0.7 Armour
 + Level 2.4 Dodging
 + Level 2.3 Spellcasting
 + Level 2.7 Translocations


You had 3 spell levels left.
You knew the following spells:

 Your Spells              Type           Power      Damage    Failure   Level
a - Blink                 Tloc           20%        N/A       14%         2

Your spell library contained the following spells:

 Spells                   Type           Power      Damage    Failure   Level
 Gell's Gravitas          Tloc           10%        N/A       28%         3
 Lesser Beckoning         Tloc           10%        N/A       28%         3
 Teleport Other           Tloc           10%        N/A       28%         3
 Manifold Assault         Tloc           10%        N/A       95%         5


Dungeon Overview and Level Annotations

Branches:
Dungeon (2/15)

Altars:

Annotations:
D:2 Robin


Innate Abilities, Weirdness & Mutations

Your natural rate of healing is accelerated.
You have razor-sharp teeth.
You have supernaturally acute eyesight. (SInv)
You are afflicted with vampirism.


Message History

The hobgoblin hits you.
* * * LOW HITPOINT WARNING * * *
You hit the hobgoblin.
The hobgoblin is almost dead.
The hobgoblin barely misses you.
You hit the hobgoblin.
You kill the hobgoblin!
You hit the goblin. You punch the goblin.
You kill the goblin!
You barely miss the hobgoblin. You hit the goblin.
You kill the goblin!
The hobgoblin hits you but does no damage.
You puncture the hobgoblin!
You kill the hobgoblin!
The kobold barely misses you.
You barely miss the kobold. The kobold closely misses you.
You barely miss the kobold. The kobold closely misses you.
You hit the kobold.
You kill the kobold!
Throw: 5 boomerangs (disperse)
Press: ? - help, Q - select action, (/) - cycle Shift-Dir - straight line, f - Robin
Aim: Robin, wielding a +6 whip of draining, wearing a +0 animal skin and wearing a +0 helmet (64% to hit)
You throw a boomerang of dispersal.
The boomerang of dispersal closely misses Robin.
You hear a shout!
Robin hits you with a +6 whip of draining.
* * * LOW HITPOINT WARNING * * *
You feel drained.
Throw: 4 boomerangs (disperse)
Press: ? - help, Q - select action, (/) - cycle Shift-Dir - straight line, f/p - Robin
Aim: Robin, wielding a +6 whip of draining, wearing a +0 animal skin and wearing a +0 helmet (64% to hit)
You throw a boomerang of dispersal. The boomerang of dispersal hits Robin.
Robin blinks!
Robin is lightly wounded.
Robin closely misses you.
Items here: ( )))) ††.
A goblin comes into view. It is wielding a +0 dagger.
Robin hits you with a +6 whip of draining.
You die...

#########.......
........#......
#######<#.#.#g.
#.#.#.#K#
#†#.#.#)#
#)..#.#g#
#..†#.#)#
#...g.).#
#.<##@###
#.....# #.#####
#.# #.. ###


You could see Robin and a goblin.

Vanquished Creatures
  A giant cockroach (D:1)
  4 hobgoblins
  4 jackals (D:1)
  5 kobolds
  A bat (D:1)
  6 goblins (D:2)
  A rat (D:2)
22 creatures vanquished.

Notes
Turn   | Place    | Note
-------+----------+-------------------------------------------
     0 | D:1      | Hubjo the Vampire Warper began the quest for the Orb.
     0 | D:1      | Reached XP level 1. HP: 16/16 MP: 3/3
   178 | D:1      | Reached XP level 2. HP: 21/22 MP: 5/5
   199 | D:1      | Learned a level 2 spell: Blink
   256 | D:2      | Noticed Robin
   285 | D:2      | Slain by Robin

Illustrated notes

Levels and vault maps discovered:
D:1:      dpeg_arrival_chambers_temple_mockup, layout_basic, st_stairs_13
D:2:      layout_basic, uniq_robin

Action                   || total
-------------------------++-------
Melee: Short sword       ||    57
       Bite              ||     3
       Punch             ||     1
Throw: Boomerang         ||     2
  Use: Scroll            ||     2
       Potion            ||     1
Armor: Leather armour    ||    14
Dodge: Dodged            ||    44

Table legend: (Time is in decaauts)
 A = Elapsed time spent in this place.
 B = Non-inter-level travel time spent in this place.
 C = Inter-level travel time spent in this place.
 D = Time resting spent in this place.
 E = Time spent auto-exploring this place.
 F = Levels seen in this place.
 G = Mean time per level.
                   A        B        C        D        E       F      G
               +--------+--------+--------+--------+--------+-----+--------+
         Total |    284 |    259 |     25 |      0 |    149 |   2 |  142.0 |
       Dungeon |    284 |    259 |     25 |      0 |    149 |   2 |  142.0 |
               +--------+--------+--------+--------+--------+-----+--------+

Top non-repeatable levels by time:
     D:1: 235 daAuts
     D:2: 48 daAuts
